 Dungeon Crawl Stone Soup version 0.29-a0-998-g1987434951 (webtiles) character file.

Game seed: 17997810827275323057

156 RevDB the Conjurer (level 5, -4/41 HPs)
             Began as a Draconian Conjurer on Aug 5, 2022.
             Was an Initiate of the Shining One.
             Killed by divine providence
             ... invoked by an orc priest
              (12 damage)
             ... on level 3 of the Dungeon.
             The game lasted 00:11:58 (2101 turns).

RevDB the Conjurer (Draconian Conjurer)             Turns: 2101, Time: 00:12:00

Health: -4/41      AC:  9    Str:  9    XL:     5   Next: 15%
Magic:  0/8        EV: 12    Int: 20    God:    the Shining One [......]
Gold:   108        SH:  0    Dex: 10    Spells: 5/8 levels left

rFire   . . .      SeeInvis .   f - staff of conjuration
rCold   . . .      Faith    .   (no shield)
rNeg    . . .      Spirit   .   (body armour unavailable)
rPois   .          Reflect  .   (helmet restricted)
rElec   .          Harm     .   (no cloak)
rCorr   +          Rampage  .   (no gloves)
Will    .....                   (no boots)
Stlth   +.........              (no amulet)
HPRegen 0.13/turn               l - ring of resist corrosion
MPRegen 0.11/turn               m - +4 ring of protection

@: lethally poisoned (-4 -> -12), glowing
A: AC +5, unfitting armour, cold-blooded
a: Renounce Religion


You were on level 3 of the Dungeon.
You worshipped the Shining One.
The Shining One was noncommittal.
You visited 1 branch of the dungeon, and saw 3 of its levels.

You collected 108 gold pieces.

Inventory:

Hand Weapons
 e - a +0 falchion
Missiles
 j - a throwing net
Magical Staves
 f - a staff of conjuration (weapon)
Jewellery
 l - a ring of resist corrosion (left hand)
 m - a +4 ring of protection (right hand)
Scrolls
 b - a scroll of fear {unknown}
 c - 2 scrolls of blinking {unknown}
 h - a scroll of summoning {unknown}
 k - 2 scrolls of vulnerability {unknown}
Potions
 a - a potion of magic
 d - 2 potions of mutation {unknown}
 g - 2 potions of degeneration {unknown}
 i - a potion of curing {unknown}


   Skills:
 * Level 1.7 Fighting
 - Level 2.0 Dodging
 - Level 2.0 Stealth
 - Level 2.1 Spellcasting
 - Level 6.0 Conjurations


You had 5 spell levels left.
You knew the following spells:

 Your Spells              Type           Power      Damage    Failure   Level
a - Magic Dart            Conj           100%       1d8       1%          1
b - Searing Ray           Conj           78%        2d7       1%          2

Your spell library contained the following spells:

 Spells                   Type           Power      Damage    Failure   Level
 Dazzling Flash           Conj/Hex       42%        N/A       14%         3
 Fulminant Prism          Conj/Hex       10%        3d9       41%         4
 Iskenderun's Mystic Bla  Conj/Tloc      21%        2d6       41%         4


Dungeon Overview and Level Annotations

Branches:
Dungeon (3/15)

Altars:
Makhleb
Ru
The Shining One

Shops:
D:2 (


Innate Abilities, Weirdness & Mutations

Your plain brown scales are hard. (AC +5)
You cannot fit into any form of body armour.
You are cold-blooded and may be slowed by cold attacks.


Message History

Press: ? - help, Q - select action, (/) - cycle Shift-Dir - straight line, f - orc priest
Aim: an orc priest, wielding a +0 club and wearing a +0 leather armour (moderately wounded, 100% to hit)
You feel a surge of power!
The magic dart hits the orc priest but does no damage.
The orc priest is moderately wounded.
You feel sick. The orc priest hits you with a +0 club.
The orc hits you but does no damage.
You are more poisoned.
Aiming: Magic Dart (safe; 1% risk of failure)
Press: ? - help, Q - select action, (/) - cycle Shift-Dir - straight line, f/p - orc priest
Aim: an orc priest, wielding a +0 club and wearing a +0 leather armour (moderately wounded, 100% to hit)
You feel a surge of power!
The magic dart hits the orc priest.
The orc priest is heavily wounded.
You feel very sick. The orc priest closely misses you.
The orc barely misses you.
You hit the orc priest but do no damage.
The orc priest is heavily wounded.
You feel very sick.
The orc priest hits you but does no damage.
The orc hits you but does no damage.
You hit the orc priest.
The orc priest is heavily wounded.
You feel sick. The orc priest misses you.
The orc hits you with a +0 dagger of venom.
You are lethally poisoned!
The orc priest barely misses you. The orc closely misses you.
You closely miss the orc priest.
The orc priest is heavily wounded.
* * * LOW HITPOINT WARNING * * *
You feel very sick.
The orc priest casts a cantrip, but nothing happens.
The orc barely misses you.
You hit the orc priest but do no damage.
You blast the orc priest.
The orc priest is almost dead.
* * * LOW HITPOINT WARNING * * *
You feel very sick.
The orc priest calls down the wrath of Beogh upon you.
Beogh smites you!
You die...

..............##...# ..
..............##...#.# ..#
.........#..####...#.#._.#
.....###.)...##....#.#...
.###?..............#...
#....#.(........#.#####
....._.#..##.............
.##....#..##..)......####
#.####..##..o@...^.# ...
...##...†o....# ##
....##..)...........
#######..............
#.......####.#. ....#.####
.# .....#.# ....##..


You could see an orc priest and an orc.

Vanquished Creatures
  6 gnolls
  2 adders (D:2)
  3 worms (D:2)
  2 dart slugs (D:2)
  5 orcs
  3 endoplasms
  5 giant cockroaches
  7 hobgoblins
  2 jackals (D:1)
  A quokka (D:3)
  6 ball pythons
  6 bats
  2 frilled lizards
  4 goblins
  5 kobolds
  A rat (D:2)
60 creatures vanquished.

Notes
Turn   | Place    | Note
-------+----------+-------------------------------------------
     0 | D:1      | RevDB the Draconian Conjurer began the quest for the Orb.
     0 | D:1      | Reached XP level 1. HP: 14/14 MP: 3/3
   351 | D:1      | Reached XP level 2. HP: 13/20 MP: 0/5
   731 | D:1      | Learned a level 2 spell: Searing Ray
   780 | D:1      | Reached XP level 3. HP: 19/26 MP: 0/6
   921 | D:1      | You fall into a shaft and drop 1 floor!
  1093 | D:2      | Reached skill level 5 in Conjurations
  1106 | D:2      | Found a glowing golden altar of the Shining One.
  1121 | D:2      | Became a worshipper of the Shining One
  1132 | D:2      | Found a faded altar of an unknown god.
  1190 | D:2      | Reached XP level 4. HP: 19/33 MP: 0/7
  1265 | D:2      | Found Ucaevysh's Weapon Shoppe.
  1493 | D:2      | Reached skill level 6 in Conjurations
  1494 | D:2      | Reached skill level 1 in Fighting
  1494 | D:2      | Reached XP level 5. HP: 40/40 MP: 1/8
  1685 | D:2      | Identified the +4 leather armour of the Equator {rCorr}
  1805 | D:3      | Found a sacrificial altar of Ru.
  1831 | D:3      | Found a burning altar of Makhleb.
  2101 | D:3      | Killed from afar by an orc priest

Illustrated notes

Levels and vault maps discovered:
D:1:      heliophobic_arrival_ceremonial_halls, layout_basic
D:2:      minmay_evil_eye, layout_basic, basic_ecumenical_altar, serial_shops,
          nicolae_shop_bloodbath_and_beyond, basic_altar,
          guppyfry_early_orc_mine
D:3:      layout_rooms, mainiacjoe_overflow_cross_hatched,
          mainiacjoe_overflow_chevrons, serial_shops, nicolae_shop_trees,
          minmay_misc_feat_encased

Skill      XL: |  1  2  3  4 |
---------------+-------------+-----
Dodging        | 2 |  2.0
Stealth        | 2 |  2.0
Conjurations   | 5 6 |  6.0
Fighting       | 1 |  1.7
Spellcasting   | |  2.1

Action                   |  1- 3 |  4- 6 || total
-------------------------+-------+-------++-------
Melee: Unarmed           |    14 |       ||    14
       Falchion          |    10 |       ||    10
       Tailslap          |     9 |     3 ||    12
       Staff             |    38 |    35 ||    73
       Punch             |     1 |       ||     1
 Cast: Magic Dart        |    51 |    33 ||    84
       Searing Ray       |       |     4 ||     4
Armor: Skin              |    23 |    33 ||    56
Dodge: Dodged            |    46 |    36 ||    82

Table legend: (Time is in decaauts)
 A = Elapsed time spent in this place.
 B = Non-inter-level travel time spent in this place.
 C = Inter-level travel time spent in this place.
 D = Time resting spent in this place.
 E = Time spent auto-exploring this place.
 F = Levels seen in this place.
 G = Mean time per level.
                   A        B        C        D        E       F      G
               +--------+--------+--------+--------+--------+-----+--------+
         Total |   2118 |   2080 |     38 |    469 |    287 |   3 |  706.0 |
       Dungeon |   2118 |   2080 |     38 |    469 |    287 |   3 |  706.0 |
               +--------+--------+--------+--------+--------+-----+--------+

Top non-repeatable levels by time:
     D:2: 1052 daAuts
     D:1: 1002 daAuts
     D:3: 63 daAuts
